 Dungeon Crawl Stone Soup version bcrawl-1.36 (webtiles) character file.

Game seed: 12384410755791207215

150404 huldread the Cudgeler (level 5, 45/45 HPs)
             Began as an Oni Fighter on May 12, 2022.
             Quit the game on level 2 of the Dungeon.
             The game lasted 00:04:34 (2067 turns).

huldread the Cudgeler (Oni Fighter)                 Turns: 2067, Time: 00:04:35

Health: 45/45      AC:  3    Str: 19    XL:     5   Next: 15%
Magic:  10/10      EV: 11    Int: 11    God:
Gold:   170        SH:  0    Dex: 10    Spells: 6/8 levels left

rFire    + . .     SeeInvis .   a - +0 flail
rCold    . . .     Gourm    .   (no shield)
rNeg     . . .     Faith    .   c - +1 robe {rF+}
rPois    .         Spirit   .   (helmet restricted)
rElec    .         Reflect  .   (no cloak)
rCorr    .                      (no gloves)
MR       .....                  (no boots)
Stlth    +.........             (no amulet)
HPRegen  0.15/turn              (no ring)
MPRegen  0.12/turn              (no ring)

@: no status effects
A: oni magic, claws 1, fangs 1, horns 1
a: no special abilities


You were on level 2 of the Dungeon.
You were not hungry.

You visited 1 branch of the dungeon, and saw 2 of its levels.

You collected 170 gold pieces.

Inventory:

Hand Weapons
 a - a +0 flail (weapon)
 b - a +0 giant spiked club
Armour
 c - a +1 robe of fire resistance (worn)
Scrolls
 g - a scroll of enchant armour {unknown}
 h - 2 scrolls of noise {unknown}
 i - 4 scrolls of identify
 j - a scroll of amnesia {unknown}
 k - a scroll of enchant weapon {unknown}
 n - a scroll of fog {unknown}
 o - a scroll of remove curse {unknown}
 r - a scroll of blinking {unknown}
Potions
 d - a potion of might
 f - a potion of resistance {unknown}
 l - a potion of curing {unknown}
 m - a potion of flight {unknown}
 p - a potion of degeneration {unknown}
Comestibles
 e - 6 rations {!d}


   Skills:
 - Level 3.0 Fighting
 + Level 4.3 Maces & Flails
 - Level 2.6 Armour
   Level 2.6 Shields
 + Level 2.1 Spellcasting
   Level 2.1 Conjurations
   Level 2.1 Hexes
   Level 2.1 Charms
   Level 2.1 Summonings
   Level 2.1 Necromancy
   Level 2.1 Translocations
   Level 2.1 Transmutations
   Level 2.1 Fire Magic
   Level 2.1 Ice Magic
   Level 2.1 Air Magic
   Level 2.1 Earth Magic
   Level 2.1 Poison Magic


You had 6 spell levels left.
You knew the following spells:

 Your Spells              Type           Power        Failure   Level  Hunger
a - Throw Frost           Conj/Ice       #.....       8%          2    ##.....

Your spell library contained the following spells:

 Spells                   Type           Power        Failure   Level  Hunger
 Shackle                  Hex            #.......     16%         2    ##.....


Dungeon Overview and Level Annotations

Branches:
Dungeon (2/12)

Altars:


Innate Abilities, Weirdness & Mutations

You learn spells by gaining experience, not through books or religion.
You only train spellcasting to practice magic.
You have sharp fingernails.
You have very sharp teeth.
You have a pair of small horns on your head.


Message History

Eating a chunk of flesh.
You eat the chunk of flesh.
This raw flesh tastes terrible.
As you open the door, it creaks loudly!
A rat comes into view.
A rat is nearby!
There is an open door here.
A rat is nearby!
The rat bites you.
You barely miss the rat. You headbutt the rat.
You kill the rat!
No target in view!
Found an escape hatch in the ceiling.
There is an escape hatch in the ceiling here.
There is an open door here.
Done exploring.
Done exploring.
Done exploring.
Done exploring.
Done exploring.
Are you sure you want to abandon this character and quit the game? (Confirm with "yes".)

..# #.# ..# #.# .##
#.# .# #.# .# #.# .#
#.# .# #.# .##
#.########### ..#
#........@..#
..###############.##
...............[#.#
........†.......#.#
'#######+#####..#.#
..)###.....###..#.#
....###.....##..#.#
.....###.....#..#.#
#[....###....#..#.#


There were no monsters in sight!

Vanquished Creatures
  An ogre (D:2)
  3 dart slugs (D:1)
  A leopard gecko (D:2)
  An orc (D:2)
  4 giant cockroaches
  3 goblins
  5 hobgoblins
  2 kobolds (D:1)
  3 quokkas
  3 bats
  4 frilled lizards
  9 rats
39 creatures vanquished.

Notes
Turn   | Place    | Note
-------+----------+-------------------------------------------
     0 | D:1      | huldread the Oni Fighter began the quest for the Orb.
     0 | D:1      | Reached XP level 1. HP: 19/19 MP: 3/3
   132 | D:1      | Reached XP level 2. HP: 26/26 MP: 4/4
   135 | D:1      | Learned a level 2 spell: Throw Frost
   451 | D:1      | Reached skill level 3 in Maces & Flails
   451 | D:1      | Reached skill level 1 in Spellcasting
   677 | D:1      | Reached XP level 3. HP: 31/31 MP: 3/6
  1187 | D:2      | Noticed an ogre
  1372 | D:2      | Killed an ogre
  1373 | D:2      | Reached skill level 4 in Maces & Flails
  1373 | D:2      | Reached XP level 4. HP: 38/38 MP: 0/9
  1373 | D:2      | Reached XP level 5. HP: 45/45 MP: 0/10
  2067 | D:2      | Quit the game

Skill      XL: |  1  2  3 |
---------------+----------+-----
Maces & Flails | 3 4 |  4.3
Spellcasting   | 1 2 |  2.1
Fighting       | |  3.0
Armour         | |  2.6
Shields        | |  2.6
Conjurations   | |  2.1
Hexes          | |  2.1
Charms         | |  2.1
Summonings     | |  2.1
Necromancy     | |  2.1
Translocations | |  2.1
Transmutations | |  2.1
Fire Magic     | |  2.1
Ice Magic      | |  2.1
Air Magic      | |  2.1
Earth Magic    | |  2.1
Poison Magic   | |  2.1

Action                   |  1- 3 |  4- 6 || total
-------------------------+-------+-------++-------
Melee: Flail             |    46 |    19 ||    65
       Headbutt          |     6 |     5 ||    11
       Bite              |     3 |     1 ||     4
 Cast: Throw Frost       |    30 |       ||    30
  Eat: Chunk             |     6 |     4 ||    10
Armor: Scale mail        |    15 |       ||    15
       Robe              |     2 |     3 ||     5
Dodge: Dodged            |    13 |    11 ||    24
Block: Medium shield     |    18 |       ||    18
